 Dungeon Crawl Stone Soup version 0.31-a0-154-g56bf346678 (webtiles) character file.

Game seed: 1415397225711819472

92 Angani the Trooper (level 4, 0/40 HPs)
             Began as a Draconian Chaos Knight on June 12, 2023.
             Was a Plaything of Xom.
             Killed by nerve-wracking pain
             ... invoked by an orc priest
              (13 damage)
             ... on level 3 of the Dungeon.
             The game lasted 00:02:08 (2209 turns).

Angani the Trooper (Draconian Chaos Knight)         Turns: 2209, Time: 00:02:08

Health: 0/40       AC:  6    Str: 21    XL:     4   Next: 35%
Magic:  4/4        EV: 12    Int: 12    God:    Xom [*.....]
Gold:   93         SH:  0    Dex: 12    Spells: 3/3 levels left

rFire   . . .        a - +0 falchion (chaos)
rCold   . . .        (no shield)
rNeg    . . .        (body armour unavailable)
rPois   .            (helmet restricted)
rElec   .            (no cloak)
rCorr   .            h - +0 pair of gloves
SInv    .            (no boots)
Will    .....        (no amulet)
Stlth   +            m - +6 ring of strength
HPRegen 0.26/turn    (no ring)
MPRegen 0.09/turn

%: no passive effects
@: flying
A: AC +5, unfitting armour, cold-blooded, big wings
a: Renounce Religion


You were on level 3 of the Dungeon.
You worshipped Xom.
You were a special plaything of Xom.
You visited 1 branch of the dungeon, and saw 3 of its levels.

You collected 93 gold pieces.

Inventory:

Hand Weapons
 a - a +0 falchion of chaos (weapon)
Armour
 h - a +0 pair of gloves (worn)
Jewellery
 m - a +6 ring of strength (left hand)
Scrolls
 c - a scroll of fear {unknown}
 j - a scroll of teleportation {unknown}
 k - a scroll of identify {unknown}
 n - a scroll of amnesia {unknown}
Potions
 d - a potion of cancellation {unknown}
 e - a potion of attraction {unknown}
 f - a potion of curing {unknown}
 g - 2 potions of degeneration {unknown}
 i - a potion of haste {unknown}
 l - a potion of might {unknown}
 o - a potion of experience {unknown}
Miscellaneous
 b - a piece from Xom's chessboard (15/15) (quivered)


   Skills:
 + Level 4.3 Fighting
 + Level 3.8 Long Blades
 + Level 3.1 Dodging


You had 3 spell levels left.
You didn't know any spells.
Your spell library was empty.

Dungeon Overview and Level Annotations

Branches:
Dungeon (3/15)

Altars:
Xom


Innate Abilities, Weirdness & Mutations

Your plain brown scales are hard. (AC +5)
You cannot fit into any form of body armour.
You are cold-blooded and may be slowed by cold attacks.
Your large and strong wings let you fly.


Message History

An orc priest comes into view. It is wielding a +0 hand axe.
Things that are here:
a +0 short sword; an orc corpse The orc priest shouts!
You slash the orc!
You kill the orc!
The orc priest invokes the aid of Beogh against you.
You barely resist.
Things that are here:
a +0 club; a scroll labelled FOSUVUG MUEHEA; an orc corpse The orc priest mumbles some strange prayers to Beogh against you.
Beogh smites you!
You hit the orc priest.
The orc priest is lightly wounded.
The orc priest blinks!
The orc priest barely misses you.
You hit the orc priest.
The orc priest is poisoned.
Your tail-slap misses the orc priest.
The orc priest is moderately wounded. "You need some minor adjustments, mortal!"
Your body is suffused with distortional energy.
Your wings grow larger and stronger.
You are now a special plaything of Xom.
The orc priest mumbles some strange prayers to Beogh against you.
Beogh smites you!
* * * LOW HITPOINT WARNING * * *
You are too injured to fight recklessly!
You are too injured to fight recklessly!
Unknown command.
You are too injured to fight recklessly!
Unknown command.
You closely miss the orc priest.
You punch the orc priest, but do no damage.
The orc priest is moderately wounded.
The orc priest barely misses you.
The orc priest hits you but does no damage.
You closely miss the orc priest.
The orc priest is moderately wounded.
The orc priest mumbles some strange prayers to Beogh against you.
Pain shoots through your body!
You die...

.# #.##.#
.# ..
.....# .##
.# #.####
..## .# #
#.# ...##
###.###.#
#.# ....#
.......
....#
#....#
..#.#
#.#....#
.##.# #.#@#
..#.#####
#.#o#
........#
#.#)#
.##.###.#
#.#.# ##..#
#.# #.#.#
#.#.# #.#
###.#.#
.##.# #.#
#.....#
###.# #.#
#<#.### #
#.###.#
##.#.#####.


You could see an orc priest (very poisoned).

Vanquished Creatures
  2 adders (D:2)
  A worm (D:3)
  2 dart slugs
  3 orcs (D:3)
  7 endoplasms
  A giant cockroach (D:1)
  4 goblins
  7 hobgoblins
  6 jackals
  4 quokkas
  4 ball pythons
  6 bats
  A frilled lizard (D:2)
  5 kobolds
  5 rats
58 creatures vanquished.

Notes
Turn   | Place    | Note
-------+----------+-------------------------------------------
     0 | D:1      | Angani the Draconian Chaos Knight began the quest for the
                  | Orb.
     0 | D:1      | Reached XP level 1. HP: 19/19 MP: 1/1
   140 | D:1      | Reached XP level 2. HP: 21/26 MP: 2/2
   843 | D:1      | XOM: silly message
   919 | D:1      | XOM: silly message
   923 | D:1      | Reached XP level 3. HP: 20/33 MP: 3/3
  1021 | D:1      | XOM: silly message
  1153 | D:1      | XOM: scenery: create altars
  1275 | D:2      | Reached skill level 4 in Fighting
  1368 | D:2      | XOM: snakes to sticks
  1742 | D:2      | Reached XP level 4. HP: 35/40 MP: 4/4
  2084 | D:3      | XOM: scenery: create altars
  2207 | D:3      | XOM: give mutation
  2207 | D:3      | Gained mutation: Your large and strong wings let you fly.
                  | [Xom's grace]
  2209 | D:3      | Killed from afar by an orc priest

Illustrated notes

Levels and vault maps discovered:
D:1:      dpeg_arrival_morbid_curiosity, layout_loops_corners, amethyst_killhole
D:2:      layout_loops_ring, minmay_misc_feat_secret_circle,
          grunt_decor_one_mirror, minmay_misc_feat_plants
D:3:      layout_loops_ring

Skill      XL: |  1  2  3  4 |
---------------+-------------+-----
Fighting       | 4 |  4.3
Dodging        | 3 |  3.1
Long Blades    | |  3.8

Action                     |  1- 3 |  4- 6 || total
---------------------------+-------+-------++-------
  Melee: Falchion          |   119 |    32 ||   151
         Tailslap          |     9 |     3 ||    12
         Punch             |       |     1 ||     1
   Stab: Paralysed         |     1 |       ||     1
         Sleeping          |     2 |       ||     2
 Armour: Skin              |    57 |    11 ||    68
  Dodge: Dodged            |    99 |    15 ||   114

Table legend: (Time is in decaauts)
 A = Elapsed time spent in this place.
 B = Non-inter-level travel time spent in this place.
 C = Inter-level travel time spent in this place.
 D = Time resting spent in this place.
 E = Time spent auto-exploring this place.
 F = Levels seen in this place.
 G = Mean time per level.
                   A        B        C        D        E       F      G
               +--------+--------+--------+--------+--------+-----+--------+
         Total |   2232 |   2131 |    101 |     81 |   1658 |   3 |  744.0 |
       Dungeon |   2232 |   2131 |    101 |     81 |   1658 |   3 |  744.0 |
               +--------+--------+--------+--------+--------+-----+--------+

Top non-repeatable levels by time:
     D:1: 1233 daAuts
     D:2: 739 daAuts
     D:3: 259 daAuts
